 Dungeon Crawl Stone Soup version 0.19-a0-981-gaae9137 (webtiles) character file.

239 mistymad the Chopper (level 6, 0/56 HPs)
             Began as a Hill Orc Monk on July 14, 2016.
             Slain by an ogre
             ... wielding a +0 giant spiked club
              (26 damage)
             ... on level 4 of the Dungeon.
             The game lasted 00:04:52 (2545 turns).

mistymad the Chopper (Hill Orc Monk)                Turns: 2545, Time: 00:04:53

Health: 0/56       AC:  9    Str: 16    XL:     6   Next: 7%
Magic:  6/6        EV: 11    Int: 10    God:
Gold:   141        SH:  0    Dex: 13    Spells: 0 memorised, 5 levels left

rFire  . . .     SeeInvis .     a - +0 hand axe
rCold  + . .     Gourm    .     d - +3 ring mail {rPois}
rNeg   . . .     Faith    .     (no shield)
rPois  +         Spirit   .     (no helmet)
rElec  .         Dismiss  .     (no cloak)
rCorr  .         Reflect  .     (no gloves)
SustAt .         Harm     .     o - +0 pair of boots
MR     .....                    (no amulet)
Stlth  +.........               (no ring)
                                j - ring of protection from cold

@: lethally poisoned (0 -> -1), not resistant to hostile enchantments, very
unstealthy
A: no striking features
a: no special abilities


You were on level 4 of the Dungeon.
You were not hungry.

You visited 1 branch of the dungeon, and saw 4 of its levels.

You collected 141 gold pieces.

Inventory:

Hand Weapons
 a - a +0 hand axe (weapon)
Armour
 d - a +3 ring mail of poison resistance (worn)
 o - a +0 pair of boots (worn)
 v - a +0 ring mail of cold resistance
Jewellery
 j - a ring of protection from cold (left hand)
Scrolls
 f - a scroll of random uselessness {unknown}
 h - a scroll of magic mapping {unknown}
 l - a scroll of enchant armour {unknown}
 m - 3 scrolls of enchant weapon {unknown}
 p - 2 scrolls of amnesia {unknown}
 q - 2 scrolls of identify {unknown}
 s - a scroll of noise {unknown}
Potions
 e - 5 potions of curing {unknown}
 g - a potion of flight {unknown}
 i - 2 potions of lignification {unknown}
 n - a potion of brilliance {unknown}
 r - a potion of agility {unknown}
 t - a potion of degeneration {unknown}
Comestibles
 c - 3 bread rations
 k - 2 meat rations
 u - 10 chunks of flesh


   Skills:
 + Level 5.3 Fighting
 + Level 6.1 Axes
 + Level 3.2 Armour
 - Level 2.4 Dodging
 - Level 1.5 Stealth


You had 5 spell levels left.
You didn't know any spells.

Dungeon Overview and Level Annotations

Branches:
Dungeon (4/15)
 Temple: D:4-7

Altars:
Kikubaaqudgha
Yredelemnul


Message History

Your ring mail prevents you from hitting the ogre.
The ogre is lightly wounded.
You completely miss the ogre.
The ogre is lightly wounded.
The ogre closely misses you.
You slash the ogre!
The ogre is heavily wounded.
You feel sick.
The ogre hits you with a giant spiked club!!
You take 22 damage, and have 26/56 hp.
MASSIVE DAMAGE!!
You hit the ogre but do no damage.
The ogre is heavily wounded.
You hit the ogre.
The ogre is severely wounded.
The ogre closely misses you.
You hit the ogre.
The ogre is severely wounded.
You feel sick.
The ogre hits you with a giant spiked club!!
You die...

#.# ######.#######
.....<........
######.####### ......[.#
######### ######).#
#........ ######))#
#........
........###########........
>...............@O'........
.#####..###########........
#..# #.(...... #..#
#.....!.. #..# ###..####
#..# #.# #..# .. #..# #.#


You could see an ogre.

Vanquished Creatures
  The ghost of ololoev the Ducker, an amateur SpTm (D:3)
  An orc wizard (D:4)
  4 adders
  An adder skeleton (D:3)
  2 worms
  2 dart slugs (D:2)
  A giant gecko (D:2)
  4 orcs
  9 goblins
  4 hobgoblins
  8 jackals
  2 ball pythons
  11 bats
  2 giant newts
  5 kobolds
  6 rats
63 creatures vanquished.

Notes
Turn   | Place    | Note
-------+----------+-------------------------------------------
     0 | D:1      | mistymad the Hill Orc Monk began the quest for the Orb.
     0 | D:1      | Reached XP level 1. HP: 19/19 MP: 1/1
   170 | D:1      | Reached XP level 2. HP: 27/27 MP: 2/2
   360 | D:1      | Reached skill level 1 in Armour
   731 | D:2      | Reached XP level 3. HP: 30/33 MP: 3/3
   785 | D:2      | Reached skill level 5 in Axes
   965 | D:2      | Reached XP level 4. HP: 38/41 MP: 4/4
   986 | D:2      | Found an ancient bone altar of Kikubaaqudgha.
  1994 | D:3      | Noticed ololoev's ghost (amateur SpTm)
  2035 | D:3      | Killed ololoev's ghost
  2035 | D:3      | Reached skill level 5 in Fighting
  2035 | D:3      | Reached XP level 5. HP: 29/48 MP: 5/5
  2266 | D:3      | Found a basalt altar of Yredelemnul.
  2473 | D:4      | Reached skill level 6 in Axes
  2473 | D:4      | Reached XP level 6. HP: 43/56 MP: 6/6
  2545 | D:4      | Slain by an ogre

Vault maps used:
D:1:      lightli_iron_boxes
D:2:      kiku_gazebo_garden_becter
D:3:      yredelemnul_altar_generic, first_bread
D:4:      uniq_sigmund

Skill      XL: |  1  2  3  4  5 |
---------------+----------------+-----
Armour         | 1 2 3 |  3.2
Fighting       | 4 5 |  5.3
Axes           | 5 6 |  6.1
Dodging        | |  2.4
Stealth        | |  1.5

Action                   |  1- 3 |  4- 6 || total
-------------------------+-------+-------++-------
Melee: Hand axe          |   104 |   176 ||   280
  Eat: Chunk             |       |     6 ||     6
Armor: Ring mail         |    50 |    88 ||   138
Dodge: Dodged            |    88 |   101 ||   189
